cohdb
Replays
Latest Replays
All Replays
Popular Replays
Top Player Replays
Match Explorer
How It Works
Community
CoH3 Stats
Reddit
Sign in to upload your games and track your stats! →
Sign in with Steam
Match 32603641
Unlisted
Match 32603641
Overview
Messages
Build Orders
End
Construct Barracks
Engineer Squad
Riflemen Squad
M1 Mortar Team
Riflemen Squad
Riflemen Squad
Infantry Support Center
Selects Advanced Infantry Battlegroup
Selects Convert to Ranger Squad
Construct Motor Pool
M1 Anti-tank Gun Team
Selects Frontline Medical Station
Frontline Medical Station
Munitions Surplus
Demolitions Package
Engineer Squad
Frontline Medical Station
Survival Training
Convert to Ranger Squad
Selects Ranger Weapon Training
Selects Ammunition Storage
M1 Anti-tank Gun Team
Grenade Package
Construct Tank Depot
Selects M2A1 105mm Howitzer Emplacement
M18 Hellcat Tank Destroyer
Selects Free Fire Drills
Advanced Logistics
M18 Hellcat Tank Destroyer
Hydra7-1
SLush
el campo
MaXiS
0
0
Comments
sign in to comment!
No comments posted yet!